 Dungeon Crawl Stone Soup version 0.29-a0-275-g389c0b56f3 (webtiles) character file.

Game seed: 11619174273829460486

13 sokol815 the Sneak (level 2, -4/21 HPs)
             Began as an Octopode Delver on Mar 11, 2022.
             Slain by an ufetubus (5 damage)
             ... on level 5 of the Dungeon.
             The game lasted 00:01:38 (246 turns).

sokol815 the Sneak (Octopode Delver)                 Turns: 246, Time: 00:01:39

Health: -4/21      AC:  1    Str: 11    XL:     2   Next: 37%
Magic:  2/2        EV: 13    Int: 12    God:
Gold:   15         SH:  0    Dex: 13    Spells: 1/1 levels left

rFire   . . .      SeeInvis .   a - +0 short sword
rCold   . . .      Faith    .   (no shield)
rNeg    . . .      Spirit   .   (helmet restricted)
rPois   .          Reflect  .   (no amulet)
rElec   .          Harm     .   (no ring)
rCorr   .          Rampage  .   (no ring)
Will    .....                   (no ring)
Stlth   ++++......              (no ring)
HPRegen 0.07/turn               (no ring)
MPRegen 0.08/turn               (no ring)
                                (no ring)
                                (no ring)

@: no status effects
A: almost no armour, amphibious, 8 rings, camouflage 1, gelatinous body 1,
(nimble swimmer 1), tentacles
a: no special abilities


You were on level 5 of the Dungeon.
You visited 1 branch of the dungeon, and saw 2 of its levels.

You collected 15 gold pieces.

Inventory:

Hand Weapons
 a - a +0 short sword (weapon)
Wands
 d - a wand of digging (3)
Scrolls
 b - a scroll of fog
 E - a scroll of fear
 X - a scroll of magic mapping {@r4!r}
Potions
 c - 2 potions of degeneration {unknown}
 e - a potion of invisibility {unknown}
 f - a potion of mutation {unknown}
 H - a potion of haste


   Skills:
 - Level 3.1 Fighting
 - Level 2.2 Short Blades
 - Level 2.2 Dodging
 + Level 6.8 Stealth
 + Level 0.0 Spellcasting


You had one spell level left.
You didn't know any spells.
Your spell library contained the following spells:

 Spells                   Type           Power      Damage    Failure   Level
 Magic Dart               Conj           0%         1d3       32%         1
 Call Imp                 Summ           0%         N/A       45%         2
 Mephitic Cloud           Conj/Pois/Air  0%         N/A       69%         3


Dungeon Overview and Level Annotations

Branches:
Dungeon (5/15)
 Temple: D:4-7

Altars:
Cheibriados

Annotations:
D:5 exclusions: hound and jelly


Innate Abilities, Weirdness & Mutations

You cannot wear most types of armour.
You are amphibious.
You can wear up to eight rings at the same time.
Your skin changes colour to match your surroundings (Stealth+).
Your rubbery body absorbs attacks. (AC +1, EV +1)
((You are camouflaged when in or above water. (Stealth+)))
You have tentacles for arms and can constrict up to eight enemies at once.


Message History

Welcome, sokol815 the Octopode Delver.
The fabulous Orb of Zot lies far below, as if waiting for you to find it.
Found a stone staircase leading down.
There is a stone staircase leading down here.
c - 2 smoky orange potions A hound comes into view.
Here: a hound (asleep)
The floor.
You pick up a book of Minor Magic and begin reading...
You add the spells Magic Dart, Call Imp and Mephitic Cloud to your library.
You open the door.
An orc priest comes into view. It is wielding a +0 dagger.
The orc priest moves out of view.
Found a metallic silvery potion.
Found a stone staircase leading up.
You're too inexperienced to learn that spell!
There is an open door here.
e - a metallic silvery potion
There is a stone staircase leading up here.
You climb upwards.
There is a stone staircase leading down here.
The helpless adder fails to defend itself.
You impale the adder!!
You kill the adder!
You have reached level 2!
Health restored: 21; MP restored: 2 You climb downwards.
Level annotation: exclusion: hound
There is a stone staircase leading up here.
You open the door.
There is an open door here.
A jelly comes into view.
You now have 15 gold pieces.
You open the door.
There is an open door here.
You open the door.
There is an open door here.
f - a metallic white potion A worm comes into view.
Found a snail-covered altar of Cheibriados.
You hit the worm. You grab the worm. You constrict the worm.
The worm bites you.
You take 1 damage, and have 20/21 hp.
You hit the worm. You constrict the worm. You hit the worm.
You squeeze the worm.
You kill the worm!
Health restored: 21
Okay, then.
An ufetubus comes into view.
The ufetubus shouts!
The ufetubus hits you but does no damage.
The ufetubus hits you.
You take 4 damage, and have 17/21 hp.
You hit the ufetubus. Your grab misses the ufetubus.
The ufetubus barely misses you. The ufetubus hits you.
You take 3 damage, and have 14/21 hp.
You barely miss the ufetubus. Your grab misses the ufetubus.
The ufetubus hits you. The ufetubus closely misses you.
The ufetubus hits you. x2
You take 7 damage, and have 7/21 hp.
MASSIVE DAMAGE!!
You hit the ufetubus but do no damage. Your grab misses the ufetubus.
The ufetubus hits you.
* * * LOW HITPOINT WARNING * * *
The ufetubus hits you.
* * * LOW HITPOINT WARNING * * *
You take 6 damage, and have 1/21 hp.
MASSIVE DAMAGE!!
You barely miss the ufetubus. You grab the ufetubus.
You constrict the ufetubus.
The ufetubus hits you but does no damage.
The ufetubus hits you.
You die...

##.#### #.# #.#
########.#
.........#
.######..# #..#
######.### #..####
#.@5...... ##......
#.####.###.#.....##
#.# .......#.## #.#
##....###.# #.#
#####.#.## #.#
#..## #.# ##'## #.#
##...## #.####
###.....##


You could see an ufetubus.

Vanquished Creatures
  An adder (D:4)
  A worm (D:5)
2 creatures vanquished.

Notes
Turn   | Place    | Note
-------+----------+-------------------------------------------
     0 | D:5      | sokol815 the Octopode Delver began the quest for the Orb.
     0 | D:5      | Reached XP level 1. HP: 16/16 MP: 1/1
    51 | D:5      | Noticed a hound
    73 | D:5      | Noticed an orc priest
    83 | D:4      | Noticed a necrophage
    85 | D:4      | Reached XP level 2. HP: 21/21 MP: 2/2
   196 | D:5      | Found a snail-covered altar of Cheibriados.
   245 | D:5      | HP: 3/21 [ufetubus (4)]
   245 | D:5      | HP: 1/21 [ufetubus (2)]
   246 | D:5      | Slain by an ufetubus

Illustrated notes

Levels and vault maps discovered:
D:4:      layout_rooms, minmay_temple_entry_trees, serial_shops,
          nicolae_shop_competitors_out_of_business, shop,
          nicolae_shop_bloodbath_and_beyond
D:5:      layout_loops_corners, slow_altar_1, vehumet_statue

Action                   || total
-------------------------++-------
Melee: Short sword       ||     8
       Constrict         ||     2
       Tentacles         ||     1
 Stab: Sleeping          ||     1
Armor: Skin              ||     2
Dodge: Dodged            ||     2

Table legend: (Time is in decaauts)
 A = Elapsed time spent in this place.
 B = Non-inter-level travel time spent in this place.
 C = Inter-level travel time spent in this place.
 D = Time resting spent in this place.
 E = Time spent auto-exploring this place.
 F = Levels seen in this place.
 G = Mean time per level.
                   A        B        C        D        E       F      G
               +--------+--------+--------+--------+--------+-----+--------+
         Total |    246 |    246 |      0 |      0 |     69 |   2 |  123.0 |
       Dungeon |    246 |    246 |      0 |      0 |     69 |   2 |  123.0 |
               +--------+--------+--------+--------+--------+-----+--------+

Top non-repeatable levels by time:
     D:5: 243 daAuts
     D:4: 2 daAuts

Table legend:
 A = Kills in this place as a percentage of kills in entire the game.
 B = Kills by you in this place as a percentage of kills by you in the entire game.
 C = Kills by friends in this place as a percentage of kills by friends in the entire game.
 D = Other kills in this place as a percentage of other kills in the entire game.
 E = Experience gained in this place as a percentage of experience gained in the entire game.
 F = Experience gained in this place divided by the number of levels of this place that you have seen.
                   A       B       C       D       E      F
               +-------+-------+-------+-------+-------+----------------------
         Total | 100.0 | 100.0 |   N/A |   N/A | 100.0 |   9.5
       Dungeon | 100.0 | 100.0 |   N/A |   N/A | 100.0 |   9.5
               +-------+-------+-------+-------+-------+----------------------
